 Dungeon Crawl Stone Soup version 0.21-a0-507-ga8f6b7a (webtiles) character file.

51 COBRA the Ruffian (level 3, 0/36 HPs)
             Began as a Troll Fighter on Nov 28, 2017.
             Slain by an adder (2 damage)
             ... on level 3 of the Dungeon.
             The game lasted 00:02:11 (346 turns).

COBRA the Ruffian (Troll Fighter)                    Turns: 346, Time: 00:02:11

Health: 0/36       AC:  5    Str: 24    XL:     3   Next: 58%
Magic:  2/2        EV:  8    Int:  5    God:
Gold:   31         SH:  8    Dex:  9    Spells: 2/2 levels left

rFire    . . .     SeeInvis .     - Unarmed
rCold    . . .     Gourm    +   b - +0 shield
rNeg     . . .     Faith    .   a - +0 robe
rPois    .         Spirit   .   (helmet restricted)
rElec    .         Reflect  .   (no cloak)
rCorr    .         Harm     .   (gloves unavailable)
MR       .....                  (boots unavailable)
Stlth    +.........             (no amulet)
HPRegen  0.52/turn              (no ring)
MPRegen  0.08/turn              (no ring)

@: lethally poisoned (0 -> 0)
A: large, unfitting armour, claws 3, fast metabolism 3, gourmand, regeneration
1, shaggy fur 1, tough skin 2
a: no special abilities


You were on level 3 of the Dungeon.
You were not hungry.

You visited 1 branch of the dungeon, and saw 5 of its levels.

You collected 31 gold pieces.

Inventory:

Armour
 a - a +0 robe (worn)
 b - a +0 shield (worn)
Scrolls
 f - 3 scrolls of teleportation {unknown}
 g - a scroll of amnesia {unknown}
 h - 2 scrolls of blinking {unknown}
 i - a scroll of fog {unknown}
 j - a scroll of identify {unknown}
 k - a scroll of magic mapping {unknown}
Comestibles
 d - 3 bread rations


   Skills:
 - Level 2.4 Fighting
 - Level 2.4 Dodging
 - Level 2.4 Shields
 * Level 4.0 Unarmed Combat


You had 2 spell levels left.
You didn't know any spells.

Dungeon Overview and Level Annotations

Branches:
Dungeon (5/15)
 Temple: D:4-7

Altars:

Annotations:
D:4 slep's ghost, amateur DsGl
D:5 Prince Ribbit


Innate Abilities, Weirdness & Mutations

You are too large for most types of armour.
You have claws for hands.
Your metabolism is lightning-fast.
You like to eat raw meat.
Your natural rate of healing is unusually fast.
You are covered in fur. (AC +1)
You have very tough skin. (AC +2)


Message History

Slep's ghost closely misses you. Slep's ghost completely misses you.
You climb upwards.
An adder comes into view.
There is a stone staircase leading down here.
You miss the adder. The adder closely misses you. x2
You claw the adder!
The adder is severely wounded.
The adder bites you.
* * * LOW HITPOINT WARNING * * *
You are poisoned.
The adder poisons you!
You closely miss the adder.
The adder is severely wounded.
You feel sick. The adder bites you.
* * * LOW HITPOINT WARNING * * *
You scratch the adder but do no damage.
The adder is heavily wounded.
The adder bites you.
You die...

## .# ## .#
.. .### .#
..##.#
###....####
#.)@S.)...#
#.####....#
.. ... #..
. #. #


You could see an adder.

Vanquished Creatures
  A hound (D:4)
  A worm (D:3)
  3 giant cockroaches
  6 goblins
  3 hobgoblins
  2 ball pythons
  2 frilled lizards (D:1)
  2 rats (D:1)
20 creatures vanquished.

Notes
Turn   | Place    | Note
-------+----------+-------------------------------------------
     0 | D:1      | COBRA the Troll Fighter began the quest for the Orb.
     0 | D:1      | Reached XP level 1. HP: 22/22 MP: 0/0
     4 | D:1      | Noticed an electric eel
    81 | D:1      | Reached XP level 2. HP: 29/29 MP: 1/1
   187 | D:2      | Reached skill level 3 in Unarmed Combat
   302 | D:5      | Entered Level 5 of the Dungeon
   302 | D:5      | Noticed Prince Ribbit
   327 | D:4      | Reached skill level 4 in Unarmed Combat
   327 | D:4      | Reached XP level 3. HP: 36/36 MP: 2/2
   328 | D:4      | Noticed slep's ghost (amateur DsGl)
   345 | D:3      | HP: 1/36 [adder (2)]
   346 | D:3      | Slain by an adder

Vault maps used:
D:1:      arrival_aquarium_b
D:2:      yredelemnul_altar_generic
D:3:      uniq_crazy_yiuf_cottage
D:5:      first_bread, serial_undead, serial_undead_c, serial_undead_d,
          serial_undead_d, serial_undead_c, serial_undead_c, serial_undead_d,
          uniq_prince_ribbit1

Skill      XL: |  1  2 |
---------------+-------+-----
Unarmed Combat | 4 |  4.0
Fighting       | |  2.4
Dodging        | |  2.4
Shields        | |  2.4

Action                   || total
-------------------------++-------
Melee: Unarmed           ||    74
  Use: Potion            ||     2
  Eat: Chunk             ||     1
Armor: Robe              ||    17
Dodge: Dodged            ||    18
Block: Shield            ||    24

Table legend:
 A = Spawn XP
 B = Non-spawn XP
 C = Spawn XP percentage of total XP
 D = Spawn monster count
 E = Non-spawn monster count
 F = Spawn count percentage of total count
 G = Total turns spent on level
                    A         B        C        D         E        F      G
               +---------+---------+-------+---------+---------+-------+---------
         Total |       0 |      74 |   0.0 |       0 |      20 |   0.0 |   346
               +---------+---------+-------+---------+---------+-------+---------
           D:1 |       0 |      18 |   0.0 |       0 |      12 |   0.0 |   125
           D:2 |       0 |       6 |   0.0 |       0 |       3 |   0.0 |   117
           D:3 |       0 |       9 |   0.0 |       0 |       3 |   0.0 |    33
           D:4 |       0 |      41 |   0.0 |       0 |       2 |   0.0 |    69
               +---------+---------+-------+---------+---------+-------+---------
